 Dungeon Crawl Stone Soup version 0.32-a0-791-gfc315c9ecd (webtiles) character file.

Game seed: 15722067824155361120

58 Essalna the Digger (level 4, -5/25 HPs)
             Began as a Gargoyle Earth Elementalist on Mar 20, 2024.
             Slain by Terence
             ... wielding a +0 mace
              (7 damage)
             ... on level 2 of the Dungeon.
             The game lasted 00:02:29 (1263 turns).

Essalna the Digger (Gargoyle Earth Elementalist)    Turns: 1263, Time: 00:02:29

Health: -5/25      AC: 11    Str: 11    XL:     4   Next: 2%
Magic:  3/7        EV:  7    Int: 18    God:
Gold:   79         SH:  0    Dex: 10    Spells: 7/8 levels left

rFire   . . .        (no weapon)
rCold   + . .        (no shield)
rNeg    + . .        f - +2 scale mail {rC+}
rPois   ∞            (no helmet)
rElec   +            (no cloak)
rCorr   .            (no gloves)
SInv    .            (no boots)
Will    .....        (no amulet) Stlth
                     d - ring of wizardry
HPRegen 0.24/turn    (no ring)
MPRegen 0.10/turn

%: wizardry (x1)
@: very slightly contaminated
A: sickness immunity, AC +3, negative energy resistance 1, electricity
resistance, torment resistance 1, petrification resistance
a: no special abilities


You were on level 2 of the Dungeon.
You visited 1 branch of the dungeon, and saw 3 of its levels.

You collected 79 gold pieces.

Inventory:

Armour
 a - a +0 robe
 f - a +2 scale mail of cold resistance (worn)
Jewellery
 d - a ring of wizardry (left hand)
Scrolls
 c - a scroll of amnesia {unknown}
 e - a scroll of identify {unknown}
 g - 4 scrolls of teleportation {unknown}
 k - a scroll of silence {unknown}
 l - a scroll of fear {unknown}
Potions
 b - a potion of magic
 h - a potion of attraction {unknown}
 i - a potion of cancellation {unknown}
 j - a potion of curing {unknown}


   Skills:
 + Level 1.0 Fighting
 + Level 1.1 Armour
 - Level 1.5 Dodging
 - Level 2.1 Stealth
 + Level 2.5 Spellcasting
 + Level 2.2 Conjurations
 + Level 4.2 Earth Magic


You had 7 spell levels left.
You knew the following spells:

 Your Spells              Type           Power      Damage    Failure   Level
a - Sandblast             Erth           34%        2d9       8%          1

Your spell library contained the following spells:

 Spells                   Type           Power      Damage    Failure   Level
 Passwall                 Erth           17%        N/A       21%         3
 Stone Arrow              Conj/Erth      26%        3d8       32%         3
 Summon Small Mammal      Summ           8%         N/A       38%         1
 Brom's Barrelling Bould  Conj/Erth      13%        2d4       69%         4
 Call Canine Familiar     Summ           2%         N/A       73%         3
 Petrify                  Alch/Erth      9%         N/A       82%         4
 Summon Blazeheart Golem  Fire/Summ      2%         N/A       98%         4


Dungeon Overview and Level Annotations

Branches:
Dungeon (3/15)

Altars:

Annotations:
D:2 Grinder, Terence


Innate Abilities, Weirdness & Mutations

You are immune to sickness and miasma.
Your stone body is resilient. (AC +3)
You are immune to poison.
You resist negative energy. (rN+)
You are resistant to electric shocks. (rElec)
You are resistant to unholy torment.
You are immune to petrification.


Message History

You are very lightly contaminated with residual magic.
Nothing appears to happen.
The blast of sand hits Grinder but does no damage.
You miscast Sandblast.
Nothing appears to happen.
Grinder hits you!
You writhe in agony.
You are too injured to fight recklessly!
You are too injured to fight recklessly!
You are too injured to fight recklessly!
You are too injured to fight recklessly!
Casting: Sandblast (safe; 8% risk of failure)
Confirm with . or Enter, or press ? or * to list all spells.
Okay, then.
Casting: Sandblast (safe; 8% risk of failure)
Confirm with . or Enter, or press ? or * to list all spells.
Aiming: Sandblast (safe; 8% risk of failure)
Press: ? - help, Shift-Dir - straight line, f/p - Grinder
Aim: Grinder (80% to hit)
The blast of sand hits Grinder!
Grinder is moderately wounded.
Grinder hits you!
You writhe in agony.
* * * LOW HITPOINT WARNING * * *
Grinder gestures at you. Pain shoots through your body!
* * * LOW HITPOINT WARNING * * *
Okay, then.
Casting: Sandblast (safe; 8% risk of failure)
Confirm with . or Enter, or press ? or * to list all spells.
You don't know that spell.
Unknown command.
Casting: Sandblast (safe; 8% risk of failure)
Confirm with . or Enter, or press ? or * to list all spells.
You don't know that spell.
Grinder completely misses you.
You climb upwards.
Level annotation: Terence Terence hits you but does no damage.
Terence closely misses you.
There is a stone staircase leading down here.
Terence hits you with a +0 mace!
You die...
Terence says, "That felt goooood."

###### #......#
########....#
#......#
.........#..#
#......#
##########.##
###......# #.#
#........# # #.#
##........# ## #.#
#.5#......# .##
#.####.>########
..# #.##..@@# #.##
#.##.##.# #..##
##.)..##.#
##..#####...##..<#
##.@..#.......###
#####.....#####
#..........#
..####.#.### ###
#...####


You could see Grinder and Terence.

Vanquished Creatures
  Natasha (D:2)
  A ribbon worm (D:2)
  2 bats (D:1)
  3 endoplasms (D:1)
  A giant cockroach (D:1)
  3 goblins
  5 hobgoblins
  2 jackals (D:1)
  2 kobolds (D:1)
  2 quokkas (D:1)
  4 ball pythons
  2 rats (D:1)
28 creatures vanquished.

Notes
Turn   | Place    | Note
-------+----------+-------------------------------------------
     0 | D:1      | Essalna the Gargoyle Earth Elementalist began the quest for
                  | the Orb.
     0 | D:1      | Reached XP level 1. HP: 10/10 MP: 3/3
    63 | D:1      | Reached XP level 2. HP: 7/15 MP: 0/5
   506 | D:1      | Reached skill level 4 in Earth Magic
   616 | D:1      | Reached XP level 3. HP: 20/20 MP: 1/6
  1030 | D:2      | Noticed Natasha
  1033 | D:2      | Killed Natasha
  1034 | D:2      | Reached skill level 1 in Fighting
  1034 | D:2      | Reached skill level 1 in Armour
  1055 | D:2      | Reached XP level 4. HP: 25/25 MP: 1/7
  1219 | D:2      | Noticed Terence
  1256 | D:3      | Noticed Grinder
  1260 | D:3      | HP: 1/25 [Grinder/nerve-wracking pain (6)]
  1263 | D:2      | Slain by Terence

Illustrated notes

Levels and vault maps discovered:
D:1:      dpeg_arrival_ternary, layout_basic, st_stairs_9
D:2:      layout_rooms, kennysheep_another_room, uniq_sigmund, uniq_natasha,
          uniq_terence
D:3:      layout_rooms, nicolae_wu_jian_wuxing_cycle, minmay_hedge_maze,
          uniq_ijyb, uniq_grinder

Skill      XL: |  1  2  3 |
---------------+----------+-----
Earth Magic    | 4 |  4.2
Conjurations   | 2 |  2.2
Fighting       | 1 |  1.0
Armour         | 1 |  1.1
Dodging        | |  1.5
Stealth        | |  2.1
Spellcasting   | |  2.5

Action                     |  1- 3 |  4- 6 || total
---------------------------+-------+-------++-------
  Melee: Unarmed           |     2 |       ||     2
   Cast: Sandblast         |    40 |     2 ||    42
 Armour: Robe              |     4 |       ||     4
         Scale mail        |     3 |     4 ||     7
  Dodge: Dodged            |     7 |     2 ||     9

Table legend: (Time is in decaauts)
 A = Elapsed time spent in this place.
 B = Non-inter-level travel time spent in this place.
 C = Inter-level travel time spent in this place.
 D = Time resting spent in this place.
 E = Time spent auto-exploring this place.
 F = Levels seen in this place.
 G = Mean time per level.
                   A        B        C        D        E       F      G
               +--------+--------+--------+--------+--------+-----+--------+
         Total |   1283 |   1237 |     46 |      0 |   1039 |   3 |  427.7 |
       Dungeon |   1283 |   1237 |     46 |      0 |   1039 |   3 |  427.7 |
               +--------+--------+--------+--------+--------+-----+--------+

Top non-repeatable levels by time:
     D:1: 994 daAuts
     D:2: 282 daAuts
     D:3: 6 daAuts
